 Dungeon Crawl Stone Soup version 0.31-a0-799-g6bc09d010c (console) character file.

Game seed: 16932818360764597738

4572 jejorda2 the Cleaver (level 10, -3/78 (82) HPs)
             Began as a Gnoll Berserker on Sept 19, 2023.
             Was a Priest of Trog.
             Shot with a sling bullet by Joseph (12 damage)
             ... on level 7 of the Dungeon.
             The game lasted 00:13:06 (7438 turns).

jejorda2 the Cleaver (Gnoll Berserker)              Turns: 7438, Time: 00:13:07

HP:   -3/78 (82)    AC: 12    Str: 21    XL:     10   Next: 41%
MP:   18/18         EV: 11    Int:  6    God:    Trog [***...]
Gold: 273           SH:  0    Dex: 12    Spells: 19/19 levels left

rFire   . . .        a - +0 battleaxe
rCold   . . .        (shield currently unavailable)
rNeg    . . .        l - +0 chain mail
rPois   .            (no helmet)
rElec   .            i - +1 cloak
rCorr   .            (no gloves)
SInv    +            (no boots)
Will    .....        (no amulet) Stlth
                     o - ring of see invisible
HPRegen 0.33/turn    (no ring)
MPRegen 0.16/turn

%: no passive effects
@: lightly drained
A: fangs 1, strong nose, distributed training
a: Renounce Religion, Berserk, Trog's Hand


You were on level 7 of the Dungeon.
You worshipped Trog.
Trog was most pleased with you.
You visited 1 branch of the dungeon, and saw 7 of its levels.
You also visited: Ossuary.

You collected 491 gold pieces.
You spent 218 gold pieces at shops.

Inventory:

Hand Weapons
 a - a +0 battleaxe (weapon)
 q - a +0 morningstar
Missiles
 j - 6 poisoned darts
Armour
 i - a +1 cloak (worn)
 l - a +0 chain mail (worn)
Jewellery
 o - a ring of see invisible (left hand)
Wands
 h - a wand of flame (13)
 n - a wand of charming (2)
Scrolls
 p - 4 scrolls of teleportation
 s - a scroll of revelation
 t - a scroll of blinking
 u - a scroll of immolation
 v - a scroll of enchant weapon
Potions
 b - 8 potions of curing
 c - 2 potions of haste
 d - 4 potions of might
 e - 2 potions of brilliance {unknown}
 g - a potion of cancellation {unknown}
 k - 2 potions of heal wounds
 m - 4 potions of mutation
 r - a potion of lignification {unknown}


   Skills:
 + Level 8.5 Fighting
 + Level 5.3 Short Blades
 + Level 5.3 Long Blades
 + Level 8.5 Axes
 + Level 5.3 Maces & Flails
 + Level 5.3 Polearms
 + Level 5.3 Staves
 + Level 5.3 Ranged Weapons
 + Level 5.3 Throwing
 + Level 7.1 Armour
 + Level 7.1 Dodging
 + Level 5.3 Stealth
 + Level 5.3 Shields
 + Level 5.3 Unarmed Combat
 + Level 5.3 Spellcasting
 + Level 4.4 Conjurations
 + Level 4.4 Hexes
 + Level 4.4 Summonings
 + Level 4.4 Necromancy
 + Level 4.4 Translocations
 + Level 4.4 Transmutations
 + Level 4.4 Fire Magic
 + Level 4.4 Ice Magic
 + Level 4.4 Air Magic
 + Level 4.4 Earth Magic
 + Level 4.4 Poison Magic
 + Level 5.9 Invocations
 + Level 5.3 Evocations
 + Level 4.9 Shapeshifting


You had 19 spell levels left.
You didn't know any spells.
Your spell library was empty.

Dungeon Overview and Level Annotations

Branches:
Dungeon (7/15)             Temple (0/1) D:4         Ossuary (visited)

Altars:
Cheibriados
Elyvilon
Sif Muna

Shops:
D:7 *?

Annotations:
D:7 Joseph


Innate Abilities, Weirdness & Mutations

You have very sharp teeth.
Your uncanny sense of smell can sniff out nearby items.
Your experience applies equally to all skills.


Message History

The ice beast hits you but does no damage.
You hit the ice beast but do no damage.
The ice beast is severely wounded.
The ice beast hits you but does no damage. x2
You slice the ice beast!!
You kill the ice beast!
Trog accepts your kill.
HP restored.
Joseph, a Mercenary comes into view.
He is wielding a +0 quarterstaff.
Joseph shouts!
Joseph moves out of view.
An electric eel comes into view.
The electric eel shoots out a bolt of lightning at you!
The bolt of electricity hits you! Joseph hits you but does no damage.
You barely miss Joseph.
The electric eel shoots out a bolt of lightning at you!
The bolt of electricity hits you. Joseph hits you with a +0 quarterstaff.
You barely miss Joseph. Joseph misses you.
The electric eel shoots out a bolt of lightning at you!
The bolt of electricity hits you!
You closely miss Joseph.
The electric eel shoots out a bolt of lightning at you!
The bolt of electricity hits you!
Joseph says, "I've waited for this moment for such a long time."
Joseph hits you with a +0 quarterstaff. Joseph barely misses you.
You slash Joseph!
Joseph is lightly wounded.
The electric eel shoots out a bolt of lightning at you!
The bolt of electricity hits you. Joseph hits you with a +0 quarterstaff!
Unknown command.
The electric eel shoots out a bolt of lightning at you!
The bolt of electricity hits you!
* * * LOW HITPOINT WARNING * * *
Joseph unwields a +0 quarterstaff.
Joseph wields a +0 sling.
Joseph shoots a sling bullet.
The sling bullet hits you!
* * * LOW HITPOINT WARNING * * *
Joseph shoots a sling bullet.
The sling bullet closely misses you.
Joseph shoots a sling bullet.
The sling bullet closely misses you.
Joseph shoots a sling bullet.
The sling bullet hits you!
You die...

#.~≈≈≈~.≈≈≈~..######..
#.≈≈≈≈≈.~≈≈~..........
#.~~~~~.~≈≈~..........
#..@..................
####.###....#.........
#.# ##.#.#########.
#.# #.#.# ##
#.####.#.##########
#.@....#...........
#.####.############
### ### #


You could see Joseph.

Vanquished Creatures
  A two-headed ogre (D:5)
  The ghost of hattop the Conjurer, a novice DrFE of Vehumet (D:6)
  The ghost of ytrimaz the Ruffian, a novice DrSh of Wu Jian (D:6)
  A wraith (D:7)
  3 water moccasins
  3 sky beasts (D:7)
  An orc warrior (D:7)
  An ice beast (D:7)
  2 black bears (D:6)
  2 ogres
  The ghost of hgbash the Conjurer, an amateur OpCj (D:4)
  4 elf zombies (Ossuary)
  A phantom (D:7)
  2 scorpions
  A gnoll sergeant (D:6)
  5 wights (D:7)
  A howler monkey (D:5)
  2 jellies (D:5)
  3 hounds
  2 human zombies (Ossuary)
  2 centaur zombies (Ossuary)
  An orc priest (D:3)
  A sleepcap (D:6)
  7 iguanas
  6 orc wizards
  Terence (D:2)
  A hound zombie (Ossuary)
  3 mummies (Ossuary)
  7 adders
  7 gnolls
  2 white imps
  An ufetubus (D:6)
  8 adder zombies (Ossuary)
  A worm (D:3)
  4 dart slugs
  18 orcs
  5 ball pythons
  8 endoplasms
  2 giant cockroaches
  A gnoll zombie (Ossuary)
  11 goblins
  4 hobgoblins
  2 jackals (D:1)
  4 kobolds
  2 quokkas
  2 bats
  6 frilled lizards
  3 goblin zombies (Ossuary)
  2 hobgoblin zombies (Ossuary)
  4 jackal zombies (Ossuary)
  3 kobold zombies (Ossuary)
  2 quokka zombies (Ossuary)
  3 rats
  3 rat zombies (Ossuary)
175 creatures vanquished.

Notes
Turn   | Place    | Note
-------+----------+-------------------------------------------
     0 | D:1      | jejorda2 the Gnoll Berserker began the quest for the Orb.
     0 | D:1      | Reached XP level 1. HP: 23/23 MP: 1/1
   154 | D:1      | Reached XP level 2. HP: 27/29 MP: 2/2
   368 | D:1      | Reached XP level 3. HP: 35/35 MP: 3/3
   568 | D:1      | Reached skill level 1 in Invocations
   811 | D:2      | Reached ** piety under Trog
   871 | D:2      | Reached skill level 1 in Short Blades
   871 | D:2      | Reached skill level 1 in Long Blades
   871 | D:2      | Reached skill level 1 in Maces & Flails
   871 | D:2      | Reached skill level 1 in Polearms
   871 | D:2      | Reached skill level 1 in Staves
   871 | D:2      | Reached skill level 1 in Ranged Weapons
   871 | D:2      | Reached skill level 1 in Throwing
   871 | D:2      | Reached skill level 1 in Stealth
   871 | D:2      | Reached skill level 1 in Shields
   871 | D:2      | Reached skill level 1 in Unarmed Combat
   871 | D:2      | Reached skill level 1 in Spellcasting
   871 | D:2      | Reached skill level 1 in Evocations
   875 | D:2      | Reached skill level 1 in Shapeshifting
   875 | D:2      | Reached XP level 4. HP: 41/41 MP: 5/5
   899 | D:2      | Reached skill level 1 in Conjurations
   899 | D:2      | Reached skill level 1 in Hexes
   899 | D:2      | Reached skill level 1 in Summonings
   899 | D:2      | Reached skill level 1 in Necromancy
   899 | D:2      | Reached skill level 1 in Translocations
   899 | D:2      | Reached skill level 1 in Transmutations
   899 | D:2      | Reached skill level 1 in Fire Magic
   899 | D:2      | Reached skill level 1 in Ice Magic
   899 | D:2      | Reached skill level 1 in Air Magic
   899 | D:2      | Reached skill level 1 in Earth Magic
   899 | D:2      | Reached skill level 1 in Poison Magic
  1408 | D:2      | Noticed Terence
  1414 | D:2      | Killed Terence
  1415 | D:2      | Reached XP level 5. HP: 47/47 MP: 5/7
  1834 | D:3      | Identified the +0 leather armour "Onisitsese" {rF+ Str+2
                  | Int+3}
  2056 | D:3      | Found a shimmering blue altar of Sif Muna.
  2446 | D:3      | Found a faded altar of an unknown god.
  2580 | D:4      | Found a staircase to the Ecumenical Temple.
  3014 | D:4      | Found a runed translucent door.
  3014 | D:4      | Noticed hgbash's ghost (amateur OpCj)
  3210 | D:4      | Killed hgbash's ghost
  3211 | D:4      | Reached skill level 5 in Armour
  3211 | D:4      | Reached skill level 5 in Dodging
  3211 | D:4      | Reached XP level 6. HP: 53/53 MP: 7/9
  3269 | D:5      | Entered Level 5 of the Dungeon
  3483 | D:5      | Reached XP level 7. HP: 52/59 MP: 10/10
  4318 | D:5      | Noticed a two-headed ogre
  4349 | D:5      | Reached XP level 8. HP: 46/67 MP: 12/12
  4455 | D:5      | Killed a two-headed ogre
  4713 | D:6      | Found a sand-covered staircase.
  4723 | Ossuary  | Entered an ossuary
  4884 | Ossuary  | Reached XP level 9. HP: 69/73 MP: 14/14
  5075 | Ossuary  | Reached *** piety under Trog
  5676 | D:6      | Found a runed translucent gate.
  5676 | D:6      | Found a runed translucent gate.
  5676 | D:6      | Found a runed translucent gate.
  5924 | D:6      | Found a white marble altar of Elyvilon.
  5924 | D:6      | Found a snail-covered altar of Cheibriados.
  6242 | D:6      | Noticed hattop's ghost (novice DrFE)
  6243 | D:6      | Noticed ytrimaz's ghost (novice DrSh)
  6258 | D:6      | Killed hattop's ghost
  6259 | D:6      | Reached skill level 5 in Invocations
  6263 | D:6      | Killed ytrimaz's ghost
  6264 | D:6      | Reached XP level 10. HP: 64/80 MP: 17/17
  6418 | D:7      | Reached skill level 5 in Short Blades
  6418 | D:7      | Reached skill level 5 in Long Blades
  6418 | D:7      | Reached skill level 5 in Maces & Flails
  6418 | D:7      | Reached skill level 5 in Polearms
  6418 | D:7      | Reached skill level 5 in Staves
  6418 | D:7      | Reached skill level 5 in Ranged Weapons
  6418 | D:7      | Reached skill level 5 in Throwing
  6418 | D:7      | Reached skill level 5 in Stealth
  6418 | D:7      | Reached skill level 5 in Shields
  6418 | D:7      | Reached skill level 5 in Unarmed Combat
  6418 | D:7      | Reached skill level 5 in Spellcasting
  6418 | D:7      | Reached skill level 5 in Evocations
  6529 | D:7      | Found Caajahet's Assorted Antiques.
  6538 | D:7      | Bought a fizzy yellow potion for 18 gold pieces
  6538 | D:7      | Bought a scroll labelled JONEMA ULAUROCLU for 20 gold
                  | pieces
  6538 | D:7      | Bought a cyan potion for 18 gold pieces
  6674 | D:7      | Found Taared's Magic Scroll Emporium.
  6680 | D:7      | Bought a scroll of brand weapon for 114 gold pieces
  6680 | D:7      | Bought a scroll of immolation for 48 gold pieces
  7427 | D:7      | Noticed Joseph
  7438 | D:7      | Shot with a sling bullet by Joseph

Illustrated notes

Levels and vault maps discovered:
D:1:      minmay_arrival_glassed_features, layout_loops_ring
D:2:      layout_loops_ring, uniq_terence
D:3:      layout_loops_ring, mainiacjoe_overflow_brackets,
          shapermc_ecumenical_altar_rom_forum, st_stairs_14
D:4:      layout_basic, minmay_temple_entry_ruins, ebering_ghost_sewer_d,
          nrook_mini_backslash, bh_walls_and_bars
D:5:      minmay_clustersquares, layout_basic, nicolae_hexahallways,
          hangedman_abyss_or_decor_stagger
D:6:      layout_basic, mainiacjoe_overflow_divided_tiny,
          gammafunk_ghost_cemetery, lightli_ossuary_entry_decrepit_ruins
D:7:      layout_basic, serial_shops, nicolae_shop_rolling_square,
          nicolae_shop_crystal, corner_web_ring, dreamdust_princess_bridge,
          minivault_14, uniq_joseph

Skill      XL: |  1  2  3  4  5  6  7  8  9 10 |
---------------+-------------------------------+-----
Invocations    | 1 2 3 4 5 |  5.9
Short Blades   | 1 2 3 4 5 |  5.3
Long Blades    | 1 2 3 4 5 |  5.3
Maces & Flails | 1 2 3 4 5 |  5.3
Polearms       | 1 2 3 4 5 |  5.3
Staves         | 1 2 3 4 5 |  5.3
Ranged Weapons | 1 2 3 4 5 |  5.3
Throwing       | 1 2 3 4 5 |  5.3
Stealth        | 1 2 3 4 5 |  5.3
Shields        | 1 2 3 4 5 |  5.3
Unarmed Combat | 1 2 3 4 5 |  5.3
Spellcasting   | 1 2 3 4 5 |  5.3
Evocations     | 1 2 3 4 5 |  5.3
Shapeshifting  | 1 2 3 4 |  4.9
Conjurations   | 1 2 3 4 |  4.4
Hexes          | 1 2 3 4 |  4.4
Summonings     | 1 2 3 4 |  4.4
Necromancy     | 1 2 3 4 |  4.4
Translocations | 1 2 3 4 |  4.4
Transmutations | 1 2 3 4 |  4.4
Fire Magic     | 1 2 3 4 |  4.4
Ice Magic      | 1 2 3 4 |  4.4
Air Magic      | 1 2 3 4 |  4.4
Earth Magic    | 1 2 3 4 |  4.4
Poison Magic   | 1 2 3 4 |  4.4
Armour         | 5 6 7 |  7.1
Dodging        | 5 6 7 |  7.1
Fighting       | 7 8 |  8.5
Axes           | 7 8 |  8.5

Action                     |  1- 3 |  4- 6 |  7- 9 | 10-12 || total
---------------------------+-------+-------+-------+-------++-------
  Melee: Hand axe          |    83 |    50 |       |       ||   133
         Bite              |     6 |    15 |    37 |     9 ||    67
         War axe           |       |   103 |   259 |    93 ||   455
         Battleaxe         |       |       |       |    20 ||    20
 Invoke: Berserk           |     3 |     5 |     7 |     3 ||    18
         Trog's Hand       |       |     2 |     2 |       ||     4
    Use: Scroll            |       |     6 |     9 |     1 ||    16
 Armour: Ring mail         |    32 |    25 |       |       ||    57
         Chain mail        |       |    67 |   183 |    86 ||   336
         Scale mail        |       |     5 |       |       ||     5
  Dodge: Dodged            |    42 |    72 |   112 |    45 ||   271
  Block: Buckler           |     8 |    28 |    60 |    19 ||   115

Table legend: (Time is in decaauts)
 A = Elapsed time spent in this place.
 B = Non-inter-level travel time spent in this place.
 C = Inter-level travel time spent in this place.
 D = Time resting spent in this place.
 E = Time spent auto-exploring this place.
 F = Levels seen in this place.
 G = Mean time per level.
                   A        B        C        D        E       F      G
               +--------+--------+--------+--------+--------+-----+--------+
         Total |   7693 |   7550 |    143 |   1030 |   5129 |   8 |  961.6 |
       Dungeon |   7189 |   7046 |    143 |    962 |   4879 |   7 | 1027.0 |
       Ossuary |    504 |    504 |      0 |     68 |    250 |   1 |  504.0 |
               +--------+--------+--------+--------+--------+-----+--------+

Top non-repeatable levels by time:
     D:5: 1432 daAuts
     D:6: 1232 daAuts
     D:7: 1132 daAuts
     D:2: 1011 daAuts
     D:4: 808 daAuts
     D:1: 801 daAuts
     D:3: 770 daAuts
 Ossuary: 504 daAuts
